 Dungeon Crawl Stone Soup version 0.19.1-1-g22dce08 (webtiles) character file.

108 cuckmaster the Conjurer (level 4, -10/27 HPs)
             Began as an Octopode Wizard on Jan 10, 2017.
             Mangled by a wraith (14 damage)
             ... in an ossuary.
             The game lasted 00:02:35 (1992 turns).

cuckmaster the Conjurer (Octopode Wizard)           Turns: 1992, Time: 00:02:36

Health: -10/27     AC:  2    Str:  6    XL:     4   Next: 87%
Magic:  0/8        EV: 13    Int: 21    God:
Gold:   128        SH:  0    Dex: 10    Spells: 4 memorised, 0 levels left

rFire  . . .     SeeInvis .     o - +0 long sword
rCold  . . .     Gourm    .     (no shield)
rNeg   . . .     Faith    .     a - +1 hat
rPois  .         Spirit   .     (no amulet)
rElec  .         Reflect  .     (no ring)
rCorr  .         Harm     .     (no ring)
MR     .....                    (no ring)
Stlth  +++.......               (no ring)
                                (no ring)
                                (no ring)
                                (no ring)
                                (no ring)

@: slowed, very slow
A: almost no armour, stealthy swim, amphibious, 8 rings, constrict 8, camouflage
1, gelatinous body 1
a: no special abilities


You were in an ossuary.
You were not hungry.

You visited 1 branch of the dungeon, and saw 4 of its levels.
You also visited: Ossuary.

You collected 128 gold pieces.

Inventory:

Hand Weapons
 o - a +0 long sword (weapon)
Armour
 a - a +1 hat (worn)
Scrolls
 e - 6 scrolls of teleportation
 f - 6 scrolls of remove curse
 h - 5 scrolls of identify
 i - a scroll of enchant armour
 n - a scroll of enchant weapon {unknown}
Potions
 d - a potion of agility {unknown}
 g - a potion of might
 j - 2 potions of heal wounds {unknown}
 m - a potion of cure mutation {unknown}
Books
 b - a book of Minor Magic

   Spells                             Type                      Level
   a - Magic Dart                     Conjuration                  1
   b - Blink                          Translocation                2
   c - Call Imp                       Summoning                    2
   d - Repel Missiles                 Charms/Air                   2
   e - Slow                           Hexes                        2
   f - Conjure Flame                  Conjuration/Fire             3
   g - Mephitic Cloud                 Conjuration/Poison/Air       3
Comestibles
 c - a bread ration
 k - a beef jerky


   Skills:
 - Level 2.0 Dodging
 - Level 2.6 Stealth
 - Level 3.0 Spellcasting
 * Level 4.5 Conjurations
   Level 1.0 Summonings
 - Level 1.0 Translocations


You couldn't memorise any spells.
You knew the following spells:

 Your Spells              Type           Power        Failure   Level  Hunger
a - Magic Dart            Conj           ###.         1%          1    None
b - Conjure Flame         Conj/Fire      ##......     17%         3    ###....
c - Mephitic Cloud        Conj/Pois/Air  #.......     24%         3    ###....
d - Blink                 Tloc           N/A          14%         2    ##.....


Dungeon Overview and Level Annotations

Branches:
Dungeon (4/15)
 Temple: D:4-7

Altars:
Ashenzari
Dithmenos
Makhleb
Nemelex Xobeh
Qazlal
Sif Muna
Vehumet
Xom


Innate Abilities, Weirdness & Mutations

You cannot wear most types of armour.
You are very stealthy in the water. (Stealth+)
You are amphibious.
You can wear up to eight rings at the same time.
You can use your tentacles to constrict eight enemies at once.
Your skin changes colour to match your surroundings (Stealth+).
Your rubbery body absorbs attacks. (AC +1, EV +1)


Message History

The wraith barely misses you.
You riposte.
You barely miss the wraith.
The wraith is lightly damaged.
Casting: Magic Dart
Confirm with . or Enter, or press ? or * to list all spells.
Aiming: Magic Dart
Press: ? - help, Shift-Dir - straight line, f/p - wraith
Aim: a wraith (lightly damaged)
The magic dart hits the wraith.
The wraith is lightly damaged.
The wraith closely misses you.
You riposte.
You barely miss the wraith.
The wraith is lightly damaged.
The wraith hits you!
* * * LOW HITPOINT WARNING * * *
Unknown command.
Casting: Magic Dart
Confirm with . or Enter, or press ? or * to list all spells.
You don't have enough magic to cast that spell.
An arrow shoots out and misses you. The wraith hits you!
Ouch! That really hurt!
You die...

.# ...8... #...
#..#
..####..####..#
..............#
#.............#
#.......####..#
#...8....+ #..#
#.......####..#
..............#
#..#.#..@.....#
#. #+#.W####..#
# #...'!# .#
#..#### ......
........
#########


You could see a wraith.

Vanquished Creatures
  A worker ant (D:4)
  A mummy (Ossuary)
  2 adders
  2 worms (D:2)
  3 dart slugs
  2 leopard geckos
  An orc (D:4)
  2 giant cockroaches
  4 goblins
  6 hobgoblins
  4 bats
  A frilled lizard (D:1)
  5 goblin zombies (Ossuary)
  3 hobgoblin zombies (Ossuary)
  4 kobolds
  An orc zombie (Ossuary)
  5 rats
47 creatures vanquished.

Notes
Turn   | Place    | Note
-------+----------+-------------------------------------------
     0 | D:1      | cuckmaster the Octopode Wizard began the quest for the Orb.
     0 | D:1      | Reached XP level 1. HP: 11/11 MP: 4/4
   208 | D:1      | Reached skill level 2 in Conjurations
   208 | D:1      | Reached XP level 2. HP: 17/17 MP: 3/6
   633 | D:2      | Reached XP level 3. HP: 21/21 MP: 1/7
   704 | D:2      | Learned a level 3 spell: Conjure Flame
   708 | D:2      | Learned a level 3 spell: Mephitic Cloud
   740 | D:2      | Reached skill level 3 in Conjurations
  1054 | D:2      | Found a shadowy altar of Dithmenos.
  1206 | D:4      | Reached skill level 4 in Conjurations
  1206 | D:4      | Reached XP level 4. HP: 21/27 MP: 2/8
  1381 | D:4      | Found a shimmering altar of Xom.
  1382 | D:4      | Found a sparkling altar of Nemelex Xobeh.
  1382 | D:4      | Found a stormy altar of Qazlal.
  1382 | D:4      | Found a shattered altar of Ashenzari.
  1389 | D:4      | Found a burning altar of Makhleb.
  1389 | D:4      | Found a radiant altar of Vehumet.
  1451 | D:4      | Found a deep blue altar of Sif Muna.
  1457 | D:4      | Found a sand-covered staircase.
  1462 | Ossuary  | Entered an ossuary
  1462 | Ossuary  | Noticed a wraith
  1462 | Ossuary  | Noticed a wraith
  1462 | Ossuary  | Noticed a wraith
  1471 | Ossuary  | Learned a level 2 spell: Blink
  1987 | Ossuary  | Noticed a wraith
  1992 | Ossuary  | Mangled by a wraith

Skill      XL: |  1  2  3 |
---------------+----------+-----
Conjurations   | 2 4 |  4.5
Dodging        | |  2.0
Stealth        | |  2.6
Spellcasting   | |  3.0
Summonings     | |  1.0
Translocations | |  1.0

Action                   |  1- 3 |  4- 6 || total
-------------------------+-------+-------++-------
Melee: Unarmed           |    39 |       ||    39
       Constrict         |    11 |     2 ||    13
       Tentacles         |     6 |     1 ||     7
       Long sword        |       |     6 ||     6
 Cast: Magic Dart        |    71 |    38 ||   109
  Use: Potion            |     3 |       ||     3
       Scroll            |     5 |       ||     5
  Eat: Chunk             |       |     2 ||     2
       Bread ration      |       |     1 ||     1
Armor: Skin              |     5 |     1 ||     6
Dodge: Dodged            |    32 |     6 ||    38
       Rpst.: Long sword |       |     2 ||     2
